 Dungeon Crawl Stone Soup version 0.25.1-2-g60ff931df9 (webtiles) character file.

Game seed: 11266043347717641277

1821 hawla the Carver (level 8, -7/73 HPs)
             Began as a Minotaur Berserker on Oct 27, 2020.
             Was a Priest of Trog.
             Killed by divine providence
             ... invoked by an orc priest
              (12 damage)
             ... on level 7 of the Dungeon.
             The game lasted 00:12:01 (7433 turns).

hawla the Carver (Minotaur Berserker)               Turns: 7433, Time: 00:12:01

Health: -7/73      AC:  3    Str: 24    XL:     8   Next: 85%
Magic:  7/7        EV: 18    Int:  4    God:    Trog [***...]
Gold:   387        SH:  0    Dex: 10    Spells: 7/7 levels left

rFire    . . .     SeeInvis .   f - +0 great sword
rCold    + . .     Gourm    .   (shield currently unavailable)
rNeg     + . .     Faith    .   a - +0 leather armour {rC+}
rPois    .         Spirit   .   (helmet restricted)
rElec    .         Reflect  .   (no cloak)
rCorr    .         Harm     .   (no gloves)
MR       .....                  (no boots)
Stlth    +.........             (no amulet)
HPRegen  0.22/turn              e - +4 ring of evasion
MPRegen  0.10/turn              p - ring of positive energy

@: studying Throwing
A: retaliatory headbutt, horns 2
a: Berserk, Trog's Hand, Renounce Religion


You were on level 7 of the Dungeon.
You worshipped Trog.
Trog was most pleased with you.
You were hungry.

You visited 2 branches of the dungeon, and saw 8 of its levels.

You collected 387 gold pieces.

Inventory:

Hand Weapons
 f - a +0 great sword (weapon)
Missiles
 l - 54 poisoned darts (quivered)
 o - 4 boomerangs
 z - 8 atropa-tipped darts
Armour
 a - a +0 leather armour of cold resistance (worn)
Jewellery
 e - a +4 ring of evasion (left hand)
 p - a ring of positive energy (right hand)
Wands
 w - a wand of flame (20)
 D - a wand of disintegration (15)
Scrolls
 g - 3 scrolls of teleportation
 h - a scroll of blinking
 t - a scroll of enchant weapon
 u - a scroll of enchant armour
 y - 5 scrolls of remove curse
 C - a scroll of identify
Potions
 b - 2 potions of resistance {unknown}
 d - a potion of ambrosia
 j - a potion of flight
 k - 2 potions of mutation {unknown}
 m - 2 potions of lignification {unknown}
 n - 2 potions of brilliance {unknown}
 q - 2 potions of berserk rage {unknown}
 r - a potion of cancellation
 s - 2 potions of might
 v - 2 potions of curing
Books
 i - a manual of Throwing
Comestibles
 c - 18 rations


   Skills:
 + Level 7.0 Fighting
 + Level 9.8 Long Blades
 + Level 1.3 Throwing
 + Level 4.2 Armour
 * Level 7.0 Dodging


You had 7 spell levels left.
You didn't know any spells.
Your spell library was empty.

Dungeon Overview and Level Annotations

Branches:
Dungeon (7/15)             Temple (1/1) D:7

Altars:
Ashenzari
Dithmenos
Gozag
Hepliaklqana
Kikubaaqudgha
Uskayaw
Wu Jian

Shops:
D:5 *


Innate Abilities, Weirdness & Mutations

You reflexively headbutt those who attack you in melee.
You have a pair of horns on your head.


Message History

The gnoll barely misses you. You furiously retaliate!
You headbutt the gnoll!
You kill the gnoll!
Trog accepts your kill. The orc hits you with a +0 club.
The orc priest mumbles some strange prayers to Beogh against you.
Beogh smites you!
You see here a +0 whip.
You slice the orc!!
You kill the orc!
Trog accepts your kill.
The orc priest mumbles some strange prayers to Beogh against you.
Beogh smites you!
* * * LOW HITPOINT WARNING * * *
You closely miss the orc. The orc closely misses you.
You closely miss the orc. The orc hits you with a +0 flail!
* * * LOW HITPOINT WARNING * * *
You completely miss the orc.
The orc priest invokes the aid of Beogh against you.
Beogh smites you!
You die...

#.#.# .## #.#.# ####.#.#
#.#.#### #...... #.....#
##.##.## ###...##......#.#
....#............
#....$......#.#
####################.........#
..............†)@ooog...#.####
######################.##...
#.# .._ #.# _8_ #.. ... ##


You could see 2 orc priests, a gnoll and an orc.

Vanquished Creatures
  A hippogriff (D:7)
  A spriggan (D:7)
  Duvessa (D:4)
  2 ice beasts (D:5)
  3 ogres
  A bullfrog (D:7)
  Dowan (D:4)
  A scorpion (D:4)
  A water moccasin skeleton (D:7)
  A crimson imp (D:6)
  A howler monkey (D:4)
  A quasit (D:5)
  2 hounds
  An orc priest (D:5)
  2 gnoll shamans
  4 orc wizards
  3 iguanas (D:6)
  2 worker ants (D:4)
  2 hound skeletons
  A hound zombie (D:7)
  5 gnolls
  8 adders
  A shadow imp (D:7)
  2 worms (D:3)
  3 dart slugs (D:1)
  3 leopard geckos
  7 orcs
  A ball python (D:5)
  3 giant cockroaches
  7 goblins
  4 hobgoblins
  3 kobolds
  4 quokkas
  9 bats
  3 frilled lizards
  A jackal skeleton (D:4)
  A leopard gecko zombie (D:6)
  A quokka skeleton (D:7)
  4 rats
102 creatures vanquished.

Notes
Turn   | Place    | Note
-------+----------+-------------------------------------------
     0 | D:1      | hawla the Minotaur Berserker began the quest for the Orb.
     0 | D:1      | Reached XP level 1. HP: 19/19 MP: 0/0
   298 | D:1      | Reached skill level 4 in Long Blades
   298 | D:1      | Reached XP level 2. HP: 24/27 MP: 1/1
  1087 | D:2      | Found a shadowy altar of Dithmenos.
  1163 | D:2      | Reached XP level 3. HP: 11/33 MP: 2/2
  1862 | D:2      | Reached XP level 4. HP: 36/41 MP: 3/3
  2110 | D:3      | Found a shattered altar of Ashenzari.
  2137 | D:3      | Reached ** piety under Trog
  2168 | D:3      | Reached skill level 5 in Long Blades
  2390 | D:3      | Reached XP level 5. HP: 14/47 MP: 4/4
  3109 | D:4      | Reached skill level 5 in Fighting
  3305 | D:4      | Reached XP level 6. HP: 45/56 MP: 5/5
  3371 | D:4      | Noticed Dowan
  3373 | D:4      | Reached skill level 6 in Long Blades
  3374 | D:4      | Noticed Duvessa
  3391 | D:4      | Killed Duvessa
  3393 | D:4      | Reached XP level 7. HP: 33/62 MP: 6/6
  3398 | D:4      | Killed Dowan
  3658 | D:4      | Reached skill level 7 in Long Blades
  4085 | D:5      | Entered Level 5 of the Dungeon
  4111 | D:5      | Found an opulent altar of Gozag.
  4136 | D:5      | Reached skill level 5 in Dodging
  4144 | D:5      | Reached skill level 1 in Throwing
  4443 | D:5      | Found an ornate altar of the Wu Jian Council.
  4957 | D:5      | Found Puiday's General Store.
  5424 | D:6      | Reached *** piety under Trog
  5426 | D:6      | Reached skill level 8 in Long Blades
  5428 | D:6      | Reached XP level 8. HP: 46/70 MP: 7/7
  6245 | D:7      | Noticed a hippogriff
  6266 | D:7      | Killed a hippogriff
  6266 | D:7      | Reached skill level 9 in Long Blades
  7288 | D:7      | Found a staircase to the Ecumenical Temple.
  7295 | Temple   | Entered the Ecumenical Temple
  7404 | D:7      | Found a shattered altar of Ashenzari.
  7405 | D:7      | Found a hazy altar of Hepliaklqana.
  7405 | D:7      | Found an ancient bone altar of Kikubaaqudgha.
  7433 | D:7      | Killed from afar by an orc priest

Illustrated notes

Levels and vault maps discovered:
D:1:      dpeg_arrival_houses_and_road, layout_basic, minivault_5
D:2:      layout_basic, grunt_dithmenos_smoke_and_mirrors, serial_forest,
          infiniplex_forest_clump_long, infiniplex_forest_join,
          infiniplex_forest_lined_ring, infiniplex_forest_straight_4
D:3:      layout_rooms, ashenzari_altar_1
D:4:      layout_loops_ring, uniq_duvessa
D:5:      layout_layer_cave, grunt_gozag_breadcrumbs, overflow_temple_1_default,
          first_ration, serial_shops, shop, hangedman_abyss_or_decor_stabs,
          minmay_manual_mess
D:6:      layout_basic, abandoned_shop, corexii_corridor_pit, minmay_between
D:7:      layout_loops_ring, chequers_temple_overflow_statue_of_worship,
          minmay_temple_entry_hall, the_bakery
Temple:   regret_index_temple_waves

Skill      XL: |  1  2  3  4  5  6  7  8 |
---------------+-------------------------+-----
Long Blades    | 4 5 6 8 9 |  9.8
Fighting       | 4 5 6 7 |  7.0
Dodging        | 3 4 5 7 |  7.0
Armour         | 3 4 |  4.2
Throwing       | 1 |  1.3

Action                   |  1- 3 |  4- 6 |  7- 9 || total
-------------------------+-------+-------+-------++-------
Melee: Falchion          |    58 |    58 |       ||   116
       Headbutt          |    10 |    23 |    22 ||    55
       Long sword        |       |    31 |    71 ||   102
       Great sword       |       |       |    50 ||    50
Throw: Dart              |     2 |     3 |     2 ||     7
  Use: Scroll            |     2 |     8 |     6 ||    16
       Potion            |     1 |       |     3 ||     4
  Eat: Chunk             |     3 |     5 |     8 ||    16
       Ration            |       |       |     1 ||     1
Armor: Animal skin       |     7 |     8 |       ||    15
       Leather armour    |       |       |    20 ||    20
Dodge: Dodged            |    41 |    72 |   134 ||   247
       Rpst.: Falchion   |     4 |    17 |       ||    21
       Long sword        |       |     5 |    13 ||    18
       Great sword       |       |       |    11 ||    11
